 Dungeon Crawl Stone Soup version 0.27.1 (webtiles) character file.

Game seed: 5961354886248995183

101 cummra the Digger (level 4, -2/24 HPs)
             Began as a Gargoyle Earth Elementalist on Sept 2, 2021.
             Slain by an ogre (10 damage)
             ... on level 3 of the Dungeon.
             The game lasted 00:05:16 (2508 turns).

cummra the Digger (Gargoyle Earth Elementalist)     Turns: 2508, Time: 00:05:16

Health: -2/24      AC:  6    Str: 12    XL:     4   Next: 75%
Magic:  3/9        EV: 11    Int: 16    God:
Gold:   124        SH:  0    Dex: 10    Spells: 5/9 levels left

rFire    . . .     SeeInvis .   d - +0 whip
rCold    . . .     Faith    .   (no shield)
rNeg     + . .     Spirit   .   b - +0 robe
rPois    ∞         Reflect  .   f - +0 helmet
rElec    +         Harm     .   (no cloak)
rCorr    .         Rampage  .   (no gloves)
Will     .....                  (no boots)
Stlth    ++........             (no amulet)
HPRegen  0.08/turn              (no ring)
MPRegen  0.11/turn              (no ring)

@: no status effects
A: sickness immunity, AC +3, negative energy resistance 1, electricity
resistance, torment resistance 1, petrification resistance
a: no special abilities


You were on level 3 of the Dungeon.
You visited 1 branch of the dungeon, and saw 3 of its levels.

You collected 124 gold pieces.

Inventory:

Hand Weapons
 d - a +0 whip (weapon)
Missiles
 c - 80 stones
Armour
 b - a +0 robe (worn)
 f - a +0 helmet (worn)
Scrolls
 h - a scroll of identify
Potions
 i - a potion of flight


   Skills:
 - Level 1.5 Dodging
 - Level 2.1 Stealth
 + Level 3.4 Spellcasting
 + Level 0.3 Conjurations
 - Level 0.7 Transmutations
 + Level 5.1 Earth Magic


You had 5 spell levels left.
You knew the following spells:

 Your Spells              Type           Power      Damage    Failure   Level
a - Sandblast             Erth           38%        2d10      2%          1
b - Stone Arrow           Conj/Erth      22%        3d8       17%         3

Your spell library contained the following spells:

 Spells                   Type           Power      Damage    Failure   Level
 Passwall                 Tmut/Erth      10%        N/A       9%          2
 Beastly Appendage        Tmut           10%        N/A       14%         1
 Shock                    Conj/Air       12%        1d3       17%         1
 Wereblood                Tmut           5%         N/A       21%         2
 Corpse Rot               Necr/Air       N/A        N/A       26%         2
 Poisonous Vapours        Pois/Air       4%         N/A       26%         2
 Spider Form              Tmut/Pois      1%         N/A       43%         3
 Swiftness                Air            2%         N/A       47%         3
 Petrify                  Tmut/Erth      12%        N/A       47%         4
 Airstrike                Air            1%         N/A       87%         4
 Freezing Cloud           Conj/Ice/Air   1%         6-21      99%         5


Dungeon Overview and Level Annotations

Branches:
Dungeon (3/15)

Altars:
Sif Muna
Trog


Innate Abilities, Weirdness & Mutations

You are immune to sickness and miasma.
Your stone body is resilient. (AC +3)
You are immune to poison.
You resist negative energy. (rN+)
You are resistant to electric shocks. (rElec)
You are resistant to unholy torment.
You are immune to petrification.


Message History

Confirm with . or Enter, or press ? or * to list all spells.
You can't see any susceptible monsters within range! (Use Z to cast anyway.)
Casting: Stone Arrow (extremely dangerous; 17% risk of failure)
Confirm with . or Enter, or press ? or * to list all spells.
Aiming: Sandblast (safe; 2% risk of failure)
Press: ? - help, Shift-Dir - straight line, f - ogre
Aim: an ogre, wielding a +0 giant club (90% to hit)
The blast of sand hits the ogre.
The ogre is lightly wounded.
You see here an adder corpse.
Casting: Sandblast (safe; 2% risk of failure)
Confirm with . or Enter, or press ? or * to list all spells.
Aiming: Sandblast (safe; 2% risk of failure)
Press: ? - help, Shift-Dir - straight line, f/p - ogre
Aim: an ogre, wielding a +0 giant club (90% to hit)
The blast of sand misses the ogre.
The ogre misses you.
Casting: Sandblast (safe; 2% risk of failure)
Confirm with . or Enter, or press ? or * to list all spells.
Aiming: Sandblast (safe; 2% risk of failure)
Press: ? - help, Shift-Dir - straight line, f/p - ogre
Aim: an ogre, wielding a +0 giant club (90% to hit)
The blast of sand hits the ogre!
The ogre is moderately wounded.
Casting: Sandblast (safe; 2% risk of failure)
Confirm with . or Enter, or press ? or * to list all spells.
Aiming: Sandblast (safe; 2% risk of failure)
Press: ? - help, Shift-Dir - straight line, f/p - ogre
Aim: an ogre, wielding a +0 giant club (moderately wounded, 90% to hit)
The blast of sand hits the ogre.
The ogre is severely wounded.
The ogre hits you with a +0 giant club!
Ouch! That really hurt!
Casting: Sandblast (safe; 2% risk of failure)
Confirm with . or Enter, or press ? or * to list all spells.
The spell is extremely dangerous to cast (17% risk of failure)!
Continue anyway?
Aiming: Stone Arrow (extremely dangerous; 17% risk of failure)
Press: ? - help, Shift-Dir - straight line, f/p - ogre
Aim: an ogre, wielding a +0 giant club (severely wounded, 85% to hit)
The stone arrow misses the ogre.
The ogre hits you with a +0 giant club!
You die...

#.# ##.##...#*,**,,,,,*
#.# ##...##..#*,***,,,,*
#.###.....##.#*,* *,,***
#..#.......#.#*,* **,**
#......_.....#*,* *,,*
#.##.......#.#*,* **,*
#.###.....##.#*.#****,*
#.# ##..O##..##.#,,,*,**
#.# ##@##*####.+,,,+,,,
#.# #..######.#,,,*,,*
#.# ##......#.#,,,**,*
#.###########.#.#,,,**,*
#..........)....#,,,**,,
#######....†....#,,,***,
#.#####.#.#**** *,
#...§§#.#'#######,
#######.........#,


You could see an ogre.

Vanquished Creatures
  Robin (D:2)
  An adder (D:3)
  2 worms
  4 dart slugs
  2 endoplasms (D:1)
  3 giant cockroaches (D:1)
  15 goblins
  5 hobgoblins
  3 jackals (D:1)
  3 quokkas
  5 ball pythons
  4 bats
  3 frilled lizards
  7 kobolds
  6 rats
64 creatures vanquished.

Notes
Turn   | Place    | Note
-------+----------+-------------------------------------------
     0 | D:1      | cummra the Gargoyle Earth Elementalist began the quest for
                  | the Orb.
     0 | D:1      | Reached XP level 1. HP: 10/10 MP: 3/3
   234 | D:1      | Reached XP level 2. HP: 15/15 MP: 3/5
   295 | D:1      | Reached skill level 4 in Earth Magic
   912 | D:1      | Reached XP level 3. HP: 16/19 MP: 5/7
  1571 | D:2      | Noticed Robin
  1599 | D:2      | Killed Robin
  1600 | D:2      | Reached XP level 4. HP: 11/24 MP: 4/8
  2020 | D:2      | Found a bloodstained altar of Trog.
  2022 | D:2      | Reached skill level 5 in Earth Magic
  2374 | D:3      | Learned a level 3 spell: Stone Arrow
  2439 | D:3      | Found a shimmering blue altar of Sif Muna.
  2487 | D:3      | Noticed an ogre
  2508 | D:3      | Slain by an ogre

Illustrated notes

Levels and vault maps discovered:
D:1:      noname_arrival_rooms_in_the_neighbourhood, layout_loops_ring,
          minmay_misc_feat_rows
D:2:      layout_basic, basic_altar, uniq_robin
D:3:      layout_basic, nicolae_gozag_seed_capital, lemuel_round_altar,
          mainiacjoe_overflow_surrounded_room,
          chequers_ecumenical_altar_simple_redux, grunt_ministairs_9

Skill      XL: |  1  2  3  4 |
---------------+-------------+-----
Earth Magic    | 4 5 |  5.1
Spellcasting   | 3 |  3.4
Dodging        | |  1.5
Stealth        | |  2.1
Conjurations   | |  0.3
Transmutations | |  0.7

Action                   |  1- 3 |  4- 6 || total
-------------------------+-------+-------++-------
Melee: Unarmed           |    36 |       ||    36
       Whip              |    76 |    62 ||   138
 Cast: Sandblast         |    19 |    17 ||    36
       Stone Arrow       |       |     1 ||     1
  Use: Scroll            |       |     4 ||     4
 Stab: Sleeping          |     4 |       ||     4
Armor: Robe              |    45 |    26 ||    71
Dodge: Dodged            |    60 |    37 ||    97
